Map: Kairos Junction LE

Players

SortOf - Winner!

  • Race: Zerg Zerg
  • Spawn Location: 11:00

HateMe

  • Race: Zerg Zerg
  • Spawn Location: 5:00

Event: 2019 WCS Winter Europe

VOD

Have the link to the VOD?

Description

Time

  • Played on: Feb. 10, 2019, 10:21 a.m.
  • Length: 6:37

All games in this series

Show
View Real Time Build Order
Export as new Build Order

SortOf Zerg - Winner!

Build Orders: Hatch First 

Get SALT Encoding   

  12  0:01  Drone  
  13  0:13  Overlord  
  13  0:17  Drone  
  14  0:31  Drone  
  15  0:45  Hatchery  
  15  0:48  Drone  
  15  0:52  Drone  
  15  0:56  Drone  
  17  1:00  Drone  
  18  1:10  Extractor  
  17  1:15  Spawning Pool  
  16  1:18  Drone  
  16  1:22  Drone  
  18  1:40  Drone  
  18  1:43  Drone  
  20  1:53  Drone  
  21  1:58  Drone  
  22  2:04  Overlord  
  22  2:05  Queen x2  
  26  2:09  Drone  
  27  2:18  Drone  
  28  2:27  Zergling x2  
  28  2:28  Drone  
  30  2:31  Drone  
  30  2:33  Extractor  
  30  2:38  Drone  
  30  2:41  Queen  
  30  2:42  Lair  
  33  2:48  Evolution Chamber  
  33  2:49  Drone x2  
  34  2:54  Roach Warren  
  33  3:00  Drone x2  
  33  3:05  Overlord  
  35  3:10  Drone  
  36  3:14  Zerg Missile Weapons Level 1  
  36  3:15  Overlord  
  36  3:24  Drone x2  
  38  3:31  Queen  
  39  3:40  Glial Reconstitution  
  39  3:41  Roach x2  
  39  3:44  Overlord  
  39  3:46  Roach  
  45  3:50  Roach  
  47  3:56  Roach x2  
  47  4:01  Overlord  
  51  4:06  Roach  
  53  4:12  Roach x2  
  59  4:17  Roach  
  59  4:18  Overlord  
  59  4:25  Roach x2  
  59  4:30  Roach x2  
  67  4:34  Overlord  
  67  4:41  Roach  
  67  4:45  Roach  
  71  4:56  Roach x2  
  75  5:01  Roach  
  77  5:09  Roach  
  77  5:13  Roach x2  
  75  5:18  Roach x2  
  71  5:25  Roach  
  71  5:28  Roach  
  71  5:35  Roach x3, Queen  
  77  5:38  Roach  
  81  5:43  Roach  
  81  5:48  Extractor  
  80  5:50  Roach  
  80  5:53  Roach  
  76  5:59  Roach  
  74  6:04  Roach  
  74  6:09  Roach  
  74  6:11  Roach  
  78  6:14  Extractor  
  78  6:18  Drone x3  
  78  6:30  Hatchery  
Show
View Real Time Build Order
Export as new Build Order

HateMe Zerg 

Build Orders: Hatch First 

Get SALT Encoding   

  12  0:00  Drone  
  13  0:12  Overlord  
  13  0:16  Drone  
  14  0:30  Drone x2  
  16  0:48  Hatchery  
  15  0:51  Drone  
  15  0:54  Drone  
  17  0:58  Drone  
  18  1:08  Extractor  
  17  1:13  Spawning Pool  
  17  1:15  Drone  
  17  1:20  Drone  
  18  1:27  Drone  
  19  1:38  Drone  
  20  1:48  Drone  
  21  1:59  Overlord  
  21  2:00  Queen x2  
  21  2:01  Zergling x2  
  26  2:10  Drone  
  26  2:11  Drone  
  28  2:21  Drone x2  
  30  2:33  Hatchery  
  30  2:35  Drone  
  30  2:38  Drone  
  30  2:42  Drone  
  32  2:51  Evolution Chamber  
  31  2:53  Overlord  
  31  2:55  Drone x2  
  33  3:03  Roach Warren  
  33  3:04  Drone x2  
  34  3:11  Drone  
  34  3:12  Drone  
  36  3:15  Lair  
  36  3:17  Zerg Missile Weapons Level 1  
  36  3:19  Drone  
  37  3:20  Drone  
  37  3:23  Drone  
  37  3:26  Overlord  
  39  3:31  Drone  
  39  3:32  Drone x2  
  42  3:41  Extractor  
  42  3:42  Extractor, Drone  
  42  3:43  Drone x3  
  42  3:47  Drone x2  
  46  3:50  Drone x2  
  46  3:51  Extractor  
  46  3:54  Drone  
  48  3:58  Drone x2  
  50  4:08  Overlord  
  50  4:09  Overlord  
  50  4:11  Overlord  
  50  4:18  Roach x4  
  50  4:22  Overlord x2  
  57  4:26  Roach  
  57  4:27  Roach  
  57  4:29  Roach  
  63  4:32  Roach  
  63  4:35  Roach  
  67  4:39  Roach  
  67  4:40  Roach  
  67  4:44  Roach  
  73  4:46  Roach x2  
  73  4:50  Roach  
  79  4:55  Roach x2  
  79  4:57  Roach  
  85  5:01  Roach  
  85  5:05  Roach x2  
  89  5:11  Roach  
  89  5:13  Roach  
  83  5:16  Roach x2  
  83  5:17  Roach  
  75  5:23  Roach x2  
  71  5:31  Roach x3  
  69  5:35  Roach  
  69  5:38  Roach  
  69  5:43  Roach  
  69  5:46  Roach x2  
  75  5:55  Roach  
  65  5:57  Roach x2  
  67  6:04  Roach  
  67  6:08  Roach Warren, Zergling x4  
Tags
 
Add a new tag
Caveats
  • Supply blocks, unpowered buildings, or Contaminate may cause inaccurate times.
  • Supply counts are checked every 10 seconds.